 Dungeon Crawl Stone Soup version 0.24.1-8-ga250c9d538 (webtiles) character file.

Game seed: 7293400409302893297, levelgen mode: deterministic

212 lepoulpe303 the Ruffian (level 5, -7/42 HPs)
             Began as a Draconian Transmuter on Apr 30, 2020.
             Killed from afar by an orc wizard (9 damage)
             ... with a puff of frost
             ... on level 4 of the Dungeon.
             The game lasted 00:09:04 (2309 turns).

lepoulpe303 the Ruffian (Draconian Transmuter)      Turns: 2309, Time: 00:09:05

Health: -7/42      AC:  2    Str: 18    XL:     5   Next: 58%
Magic:  13/18      EV: 19    Int: 17    God:
Gold:   64         SH:  0    Dex: 12    Spells: 4/10 levels left

rFire    . . .     SeeInvis .     - Unarmed
rCold    . . .     Gourm    .   (shield currently unavailable)
rNeg     + . .     Faith    .   (armour unavailable)
rPois    x         Spirit   .   (helmet currently unavailable)
rElec    .         Reflect  .   (cloak currently unavailable)
rCorr    .         Harm     .   (gloves currently unavailable)
MR       .....                  (boots currently unavailable)
Stlth    +.........             (no amulet)
HPRegen  0.14/turn              s - ring "Tunitot" {rN+ Str+5 Int+3 Dex-4}
MPRegen  0.16/turn              k - ring of magical power {MP+9}

@: spider-form
A: tiny, unfitting armour, AC +5
a: End Transformation


You were on level 4 of the Dungeon.
You were not hungry.
You were a venomous arachnid creature.
You visited 1 branch of the dungeon, and saw 4 of its levels.

You collected 64 gold pieces.

Inventory:

Missiles
 r - 35 arrows
Armour
 d - a scarf of resistance (melded)
 l - a scarf of spirit shield
Jewellery
 k - a ring of magical power (right front leg) {MP+9}
 q - an uncursed ring of flight
 s - the ring "Tunitot" (left front leg) {rN+ Str+5 Int+3 Dex-4}
   (You found it on level 4 of the Dungeon)

   [ring of strength]

   It affects your strength (+5).
   It affects your intelligence (+3).
   It affects your dexterity (-4).
   It protects you from negative energy.
 F - an uncursed ring of protection from fire
Wands
 m - a wand of acid (11)
Scrolls
 h - a scroll of enchant armour {unknown}
 i - a scroll of identify
 j - a scroll of fear {unknown}
 o - a scroll of amnesia {unknown}
 p - a scroll of remove curse {unknown}
 t - 3 scrolls of teleportation
Potions
 a - a potion of brilliance {unknown}
 b - a potion of haste {unknown}
 c - a potion of lignification {unknown}
 f - 2 potions of agility {unknown}
 g - 3 potions of curing {unknown}
 n - 2 potions of heal wounds {unknown}
Comestibles
 e - 11 rations
 u - 4 chunks of flesh


   Skills:
 + Level 2.3 Fighting
 + Level 2.3 Dodging
 * Level 4.0 Unarmed Combat
 * Level 3.1 Spellcasting
 * Level 3.3 Transmutations
 + Level 0.9 Poison Magic


You had 4 spell levels left.
You knew the following spells:

 Your Spells              Type           Power        Failure   Level  Hunger
a - Beastly Appendage     Tmut           ##....       13%         1    None
c - Spider Form           Tmut/Pois      #.........   43%         3    ###....
s - Sticks to Snakes      Tmut           ##......     19%         2    ##.....

Your spell library contained the following spells:

 Spells                   Type           Power        Failure   Level  Hunger
 Ice Form                 Ice/Tmut       #.......     83%         4    ####...
 Blade Hands              Tmut           ##........   90%         5    ######.


Dungeon Overview and Level Annotations

Branches:
Dungeon (4/15)
 Temple: D:4-7

Altars:
Nemelex Xobeh


Innate Abilities, Weirdness & Mutations

((Your plain brown scales are hard. (AC +5)))
You cannot fit into any form of body armour.
((You are cold-blooded and may be slowed by cold attacks.))


Message History

Something hits you.
* * * LOW HITPOINT WARNING * * *
The orc completely misses your ball python.
You take 4 damage, and have 5/42 hp.
Something hits you but does no damage.
Your horns disappear.
You turn into a venomous arachnid creature.
Your scarf of resistance melds into your body.
You feel hot and cold all over. Something closely misses you.
Something hits you.
* * * LOW HITPOINT WARNING * * *
You take 4 damage, and have 1/42 hp.
You now have 12/18 mp.
You hear some strange, mumbled words.
A puff of frost appears from out of thin air!
The puff of frost misses you. Something closely misses you.
You hear some strange, mumbled words.
A puff of frost appears from out of thin air!
The puff of frost hits you!
You die...

## #.#.##################)#####.#
.###....................()....#.#
.....##......#.....######.###.#.#
.##...'......#.....##...#.###+#.#
.##...#......#.....##...#.#......
......###.####.....##...#........
..............##...##...###......
.........(....##........+........
..............##s.......###......
..............##........###......
######........##...##...#o.......
#..<..#+#'######.S.##...#.#######
..#.#.#.#.###.....o###.##†##
..........................>######
###.#.#.#........................
#.#.#.#........................
#.#.#.#........................


You could see an orc and a friendly ball python.

Levels and vault maps discovered:
D:1:      psy_arrival_radial01, layout_basic
D:2:      layout_rooms
D:3:      layout_basic, overflow_temple_1_default, first_ration
D:4:      layout_basic, nicolae_overflow_crystal_walls, minmay_cut_off

Notes
Turn   | Place    | Note
-------+----------+-------------------------------------------
     0 | D:1      | lepoulpe303 the Draconian Transmuter began the quest for
                  | the Orb.
     0 | D:1      | Reached XP level 1. HP: 16/16 MP: 3/3
   210 | D:1      | Identified a +0 dagger
   263 | D:1      | Identified a +0 club
   271 | D:1      | Reached XP level 2. HP: 23/23 MP: 5/5
   385 | D:1      | Identified a +0 dagger
   462 | D:1      | Identified a +0 dagger
   510 | D:1      | Learned a level 2 spell: Sticks to Snakes
   680 | D:1      | Identified a +0 dagger
   683 | D:1      | Identified a +0 club
   688 | D:1      | Reached skill level 2 in Dodging
   934 | D:2      | Identified a +0 hunting sling
   943 | D:2      | Reached XP level 3. HP: 23/28 MP: 6/6
   993 | D:2      | Identified a +0 club
  1231 | D:2      | Identified 4 scrolls of teleportation
  1248 | D:2      | Identified a +0 dagger
  1260 | D:2      | Reached XP level 4. HP: 34/36 MP: 7/7
  1417 | D:2      | Identified a +0 club
  1515 | D:2      | Identified a +0 dagger
  1553 | D:3      | Reached skill level 2 in Fighting
  1577 | D:3      | Learned a level 3 spell: Spider Form
  1587 | D:3      | Identified a +0 dagger
  1760 | D:3      | Found a sparkling altar of Nemelex Xobeh.
  1910 | D:3      | Identified 2 scrolls of identify
  1910 | D:3      | Identified a scarf of resistance (You found it on level 1
                  | of the Dungeon)
  1916 | D:3      | Identified a ring of flight (You found it on level 3 of the
                  | Dungeon)
  1917 | D:3      | Identified a ring of magical power (You found it on level 2
                  | of the Dungeon)
  1919 | D:3      | Identified a ring of protection from fire (You found it on
                  | level 3 of the Dungeon)
  2008 | D:4      | Reached skill level 3 in Transmutations
  2018 | D:4      | Got a wavering pewter ring
  2033 | D:4      | Identified the ring "Tunitot" {rN+ Str+5 Int+3 Dex-4} (You
                  | found it on level 4 of the Dungeon)
  2059 | D:4      | Identified a +0 spear
  2060 | D:4      | Identified a +0 flail
  2066 | D:4      | Reached XP level 5. HP: 39/41 MP: 9/9
  2137 | D:4      | Identified a +0 club
  2143 | D:4      | Reached skill level 3 in Spellcasting
  2197 | D:4      | Identified a +0 trident
  2197 | D:4      | Identified a +0 ring mail
  2197 | D:4      | Identified a +0 dagger
  2197 | D:4      | Identified a +0 robe
  2214 | D:4      | Identified a +0 leather armour
  2297 | D:4      | HP: 9/41 [hound (4)]
  2298 | D:4      | Reached skill level 4 in Unarmed Combat
  2305 | D:4      | HP: 1/42 [something (4)]
  2309 | D:4      | Killed from afar by an orc wizard

Table legend:
 A = Turns spent in this place as a percentage of turns spent in the entire game.
 B = Non-inter-level travel turns spent in this place as a percentage of non-inter-level travel turns spent in the entire game.
 C = Inter-level travel turns spent in this place as a percentage of turns spent in this place.
 D = Turns resting spent in this place as a percentage of non-inter-level travel turns spent in this place.
 E = Turns spent auto-exploring this place as a percentage of non-inter-level travel turns spent in this place.
 F = Non-inter-level travel turns spent in this place divided by the number of levels of this place that you've seen.
                   A       B       C       D       E      F
               +-------+-------+-------+-------+-------+----------------------
         Total | 100.0 | 100.0 |   2.9 |  18.1 |  54.8 | 560.8
       Dungeon | 100.0 | 100.0 |   2.9 |  18.1 |  54.8 | 560.8
               +-------+-------+-------+-------+-------+----------------------

Table legend:
 A = Kills in this place as a percentage of kills in entire the game.
 B = Kills by you in this place as a percentage of kills by you in the entire game.
 C = Kills by friends in this place as a percentage of kills by friends in the entire game.
 D = Other kills in this place as a percentage of other kills in the entire game.
 E = Experience gained in this place as a percentage of experience gained in the entire game.
 F = Experience gained in this place divided by the number of levels of this place that you have seen.
                   A       B       C       D       E      F
               +-------+-------+-------+-------+-------+----------------------
         Total | 100.0 | 100.0 | 100.0 |   N/A | 100.0 |  76.0
       Dungeon | 100.0 | 100.0 | 100.0 |   N/A | 100.0 |  76.0
               +-------+-------+-------+-------+-------+----------------------

Skill      XL: |  1  2  3  4  5 |
---------------+----------------+-----
Dodging        | 2 |  2.3
Fighting       | 2 |  2.3
Transmutations | 3 |  3.3
Spellcasting   | 3 |  3.1
Unarmed Combat | 4 |  4.0
Poison Magic   | |  0.9

Action                   |  1- 3 |  4- 6 || total
-------------------------+-------+-------++-------
Melee: Unarmed           |   143 |   102 ||   245
       Punch             |     2 |     2 ||     4
       Headbutt          |     1 |     8 ||     9
       Tailslap          |     8 |    10 ||    18
       Kick              |     7 |     5 ||    12
 Cast: Beastly Appendage |     4 |     8 ||    12
       Sticks to Snakes  |     1 |     5 ||     6
       Spider Form       |       |     1 ||     1
  Use: Scroll            |     1 |     1 ||     2
  Eat: Chunk             |     1 |     2 ||     3
       Ration            |       |     1 ||     1
Armor: Skin              |    57 |    36 ||    93
Dodge: Dodged            |   110 |    71 ||   181

Vanquished Creatures
  A crimson imp (D:2)
  A hound (D:4)
  3 gnolls (D:4)
  An adder (D:3)
  An ooze (D:2)
  A dart slug (D:2)
  3 leopard geckos
  2 orcs (D:4)
  2 ball pythons (D:1)
  A giant cockroach (D:1)
  7 goblins
  5 hobgoblins
  3 jackals (D:3)
  8 kobolds
  A quokka (D:2)
  7 bats
  2 frilled lizards
  6 rats
55 creatures vanquished.

Vanquished Creatures (collateral kills)
  A hound (D:4)
  A worker ant (D:4)
  An orc (D:4)
3 creatures vanquished.

Grand Total: 58 creatures vanquished
